 Dungeon Crawl Stone Soup version 0.29.1-2-gbd0b4ee654 (webtiles) character file.

Game seed: 13384102472433647234

98 croobank the Conjurer (level 4, 0/32 HPs)
             Began as a Demonspawn Conjurer on Nov 29, 2022.
             Slain by a water moccasin (4 damage)
             ... on level 5 of the Dungeon.
             The game lasted 00:10:36 (3794 turns).

croobank the Conjurer (Demonspawn Conjurer)         Turns: 3794, Time: 00:10:37

Health: 0/32       AC:  6    Str:  8    XL:     4   Next: 44%
Magic:  0/7        EV: 12    Int: 21    God:
Gold:   142        SH:  0    Dex: 11    Spells: 2/8 levels left

rFire   . . .      SeeInvis .   h - +0 dagger
rCold   . . .      Faith    .   (no shield)
rNeg    + . .      Spirit   .   a - +0 robe
rPois   +          Reflect  .   (no helmet)
rElec   .          Harm     .   (no cloak)
rCorr   .          Rampage  .   (no gloves)
Will    .....                   r - +0 pair of boots
Stlth   ++........              (no amulet)
HPRegen 0.10/turn               k - ring of poison resistance
MPRegen 0.10/turn               s - ring of positive energy

@: mighty, flying, very slightly contaminated
A: molten scales 2
a: no special abilities


You were on level 5 of the Dungeon.
You visited 1 branch of the dungeon, and saw 7 of its levels.

You collected 142 gold pieces.

Inventory:

Hand Weapons
 h - a +0 dagger (weapon)
Armour
 a - a +0 robe (worn)
 r - a +0 pair of boots (worn)
Jewellery
 k - a ring of poison resistance (left hand)
 s - a ring of positive energy (right hand)
 u - a ring of fire
Scrolls
 d - 2 scrolls of teleportation {unknown}
 f - a scroll of torment {unknown}
 i - a scroll of fear {unknown}
 j - a scroll of amnesia {unknown}
 m - a scroll of poison {unknown}
 q - 2 scrolls of identify {unknown}
 t - a scroll of enchant weapon {unknown}
Potions
 l - a potion of brilliance {unknown}
 n - a potion of attraction {unknown}
 o - 2 potions of curing {unknown}
 p - 2 potions of degeneration {unknown}


   Skills:
 + Level 1.6 Fighting
 + Level 2.4 Dodging
 + Level 2.6 Stealth
 + Level 2.5 Spellcasting
 + Level 4.4 Conjurations


You had 2 spell levels left.
You knew the following spells:

 Your Spells              Type           Power      Damage    Failure   Level
a - Magic Dart            Conj           84%        1d7       2%          1
b - Searing Ray           Conj           42%        2d6       3%          2
c - Dazzling Flash        Conj/Hex       22%        N/A       17%         3

Your spell library contained the following spells:

 Spells                   Type           Power      Damage    Failure   Level
 Ozocubu's Armour         Ice            2%         N/A       38%         3
 Fulminant Prism          Conj/Hex       5%         3d7       50%         4
 Iskenderun's Mystic Bla  Conj/Tloc      11%        2d4       50%         4
 Metabolic Englaciation   Hex/Ice        1%         N/A       98%         5
 Simulacrum               Ice/Necr       1%         N/A       100%        6


Dungeon Overview and Level Annotations

Branches:
Dungeon (7/15)
 Temple: D:4-7

Altars:

Shops:
D:5 *

Annotations:
D:3 Sigmund, Terence
D:4 Edmund


Innate Abilities, Weirdness & Mutations

You are mostly covered in molten scales. (AC +3)


Message History

The water moccasin bites you.
You hit the water moccasin but do no damage.
The water moccasin is lightly wounded.
The water moccasin barely misses you.
You miss the water moccasin.
The water moccasin is lightly wounded.
The water moccasin bites you but does no damage. x2
You completely miss the water moccasin.
The water moccasin is lightly wounded.
The water moccasin bites you but does no damage.
Casting: Magic Dart (safe; 2% risk of failure)
Confirm with . or Enter, or press ? or * to list all spells.
Aiming: Magic Dart (safe; 2% risk of failure)
Press: ? - help, Shift-Dir - straight line, f/p - water moccasin
Aim: a water moccasin (lightly wounded, 100% to hit)
The magic dart hits the water moccasin but does no damage.
The water moccasin is lightly wounded.
The water moccasin bites you but does no damage.
The water moccasin bites you.
You miss the water moccasin.
The water moccasin is lightly wounded.
The water moccasin bites you!
You miss the water moccasin.
The water moccasin is lightly wounded.
The water moccasin bites you.
* * * LOW HITPOINT WARNING * * *
It was a potion of flight.
You feel very buoyant.
You fly up into the air.
The water moccasin closely misses you. The water moccasin bites you.
* * * LOW HITPOINT WARNING * * *
It was a potion of mutation.
You feel extremely strange.
You feel stupid.
You feel clever.
The water moccasin bites you but does no damage.
It was a potion of might.
You feel very mighty all of a sudden. The water moccasin bites you.
* * * LOW HITPOINT WARNING * * *
The water moccasin bites you.
You die...

#. #...#.##..... .. . #.
#.#.#.#....#. .##
.##.######........# #.## ..#
........#..[....### #..# #.#
...#..#.........## ##.#####.#
..........#...∩..#####........##
≈......................>#####..#
≈.##.#<..###...S.......# ##.#
#..g....###@#[#####.# ###.#
....#g###.###.#.# ###.####...#
≈≈...##.# #..##.#.###......<.###
≈..## #.###...........##..####
.. #..##..........#####..## .
g..............# ##..#
.###...........# #####.####
...............###.........
#################..........


You could see a water moccasin.

Vanquished Creatures
  2 gnolls (D:3)
  2 adders
  4 orcs
  10 endoplasms
  2 giant cockroaches (D:1)
  3 goblins
  8 hobgoblins
  4 quokkas
  3 ball pythons
  3 bats
  2 kobolds
  7 rats
50 creatures vanquished.

Vanquished Creatures (others)
  3 fungi (D:1)
  3 plants (D:1)
  A withered plant (D:1)
7 creatures vanquished.

Grand Total: 57 creatures vanquished

Notes
Turn   | Place    | Note
-------+----------+-------------------------------------------
     0 | D:1      | croobank the Demonspawn Conjurer began the quest for the
                  | Orb.
     0 | D:1      | Reached XP level 1. HP: 13/13 MP: 3/3
   588 | D:1      | Gained mutation: You are partially covered in molten
                  | scales. (AC +2) [demonic ancestry]
   588 | D:1      | Reached XP level 2. HP: 20/20 MP: 3/5
   591 | D:1      | Learned a level 2 spell: Searing Ray
   929 | D:1      | Found a faded altar of an unknown god.
  1071 | D:1      | You fall into a shaft and drop 1 floor!
  1630 | D:2      | Reached skill level 1 in Fighting
  1717 | D:2      | Reached XP level 3. HP: 26/26 MP: 2/6
  1721 | D:2      | Learned a level 3 spell: Dazzling Flash
  2771 | D:3      | Gained mutation: You are mostly covered in molten scales.
                  | (AC +3) [demonic ancestry]
  2771 | D:3      | Reached XP level 4. HP: 32/32 MP: 5/7
  2774 | D:3      | Noticed Sigmund
  3084 | D:3      | Noticed Terence
  3499 | D:4      | Noticed Edmund
  3509 | D:5      | Entered Level 5 of the Dungeon
  3509 | D:5      | Found Fiulo's General Store.
  3527 | D:5      | Noticed a gnoll sergeant
  3572 | D:7      | Noticed an ice beast
  3572 | D:7      | Noticed an ice beast
  3659 | D:6      | Noticed a phantom
  3772 | D:5      | Noticed a water moccasin
  3793 | D:5      | Gained mutation: You are dopey. (Int -2) [potion of
                  | mutation]
  3793 | D:5      | Lost mutation: You are dopey. (Int -2) [potion of mutation]
  3794 | D:5      | Slain by a water moccasin

Illustrated notes

Levels and vault maps discovered:
D:1:      dpeg_arrival_signposts, layout_basic, shapermc_ecumenical_altar_gd
D:2:      layout_basic, st_stairs_8
D:3:      layout_rooms, serial_bayou_ford_a, uniq_terence, uniq_sigmund
D:4:      layout_basic, kennysheep_windowed_goal, uniq_edmund, uniq_natasha,
          uniq_crazy_yiuf_cottage
D:5:      layout_rooms, temple_pool_b, serial_shops, shop,
          wad_floor_pattern_untrapped, chequers_serial_rivers_micro_a,
          hex_intersection
D:6:      layout_loops_ring, minmay_misc_feat_pillars, nicolae_underground_beach
D:7:      layout_loops_corners, mainiacjoe_overflow_brackets,
          gammafunk_ghost_icy, nicolae_benzene_ring,
          hellmonk_guarded_unrand_zhor

Skill      XL: |  1  2 |
---------------+-------+-----
Stealth        | 2 |  2.6
Dodging        | 2 |  2.4
Fighting       | 1 |  1.6
Spellcasting   | |  2.5
Conjurations   | |  4.4

Action                   |  1- 3 |  4- 6 || total
-------------------------+-------+-------++-------
Melee: Unarmed           |     1 |       ||     1
       Dagger            |     3 |    20 ||    23
 Cast: Magic Dart        |    43 |    12 ||    55
       Searing Ray       |    10 |     9 ||    19
       Dazzling Flash    |       |     2 ||     2
  Use: Potion            |       |     4 ||     4
 Stab: Sleeping          |     4 |     1 ||     5
Armor: Robe              |     1 |    19 ||    20
Dodge: Dodged            |     6 |    26 ||    32
